[Event "Titled Tuesday Blitz May 10 Early 2022"]
[White "Molina, Roberto Junio Brito"]
[Black "Martinez Alcantara, Jose Eduardo"]
[WhiteFideId "2109450"]
[BlackFideId "3805662"]
[WhiteElo "2432"]
[BlackElo "2690"]
[Result "1-0"]
[Round "09"]
[TimeControl "180+1"]
[Date "2022.05.10"]
[WhiteClock "0:00:07"]
[BlackClock "0:00:05"]

1. d4 Nf6 2. c4 e6 3. Nf3 Bb4+ 4. Bd2 Qe7 5. g3 Bxd2+ 6. Nbxd2 d6 7. Bg2 a5 8. O-O O-O 9. e4 e5 10. d5 Na6 11. a3 Bd7 12. Ne1 a4 13. Nd3 b6 14. Qc2 Rfc8 15. Rfc1 c6 16. Qd1 cxd5 17. cxd5 Bb5 18. Nb4 Nc5 19. Rc3 g6 20. Rac1 Kg7 21. h3 h5 22. Bf1 Bd7 23. Qf3 Nh7 24. Qe3 h4 25. g4 Ng5 26. f3 Qf6 27. Kg2 Qe7 28. Be2 Nh7 29. Nc4 Rab8 30. Nd2 Nf8 31. Na6 Ra8 32. Nb4 g5 33. Bf1 Ng6 34. Kf2 Nf4 35. R1c2 Rab8 36. Ke1 Bb5 37. Qf2 Qd7 38. Kd1 Bxf1 39. Qxf1 b5 40. Kc1 Rc7 41. Kb1 Rbc8 42. Nc6 Rxc6 43. dxc6 Qxc6 44. Qh1 Qb7 45. Nf1 b4 46. axb4 Qxb4 47. Ne3 Rb8 48. Qd1 Nce6 49. Nf5+ Kf6 50. Rc6 a3 51. Rxd6 axb2 52. Ra6 Nd3 53. Ne3 Qb3 54. Nd5+ Kg7 55. Qd2 Nb4 56. Nxb4 Rxb4 57. Rxe6 fxe6 58. Qxg5+ Kf7 59. Rc7+ Ke8 60. Qe7# 1-0


[Site "https://www.chess.com"]

[Event "Titled Tuesday Blitz May 10 Early 2022"]
[White "Nagy, Gabor"]
[Black "Lazavik, Denis"]
[WhiteFideId "737119"]
[BlackFideId "13515110"]
[WhiteElo "2569"]
[BlackElo "2437"]
[Result "0-1"]
[Round "09"]
[TimeControl "180+1"]
[Date "2022.05.10"]
[WhiteClock "0:01:32"]
[BlackClock "0:01:07"]

1. c4 Nf6 2. Nc3 e5 3. Nf3 Nc6 4. e3 Bb4 5. Nd5 e4 6. Ng1 O-O 7. a3 Bd6 8. d3 exd3 9. Bxd3 Nxd5 10. cxd5 Ne5 11. Be2 b6 12. Nf3 Bb7 13. O-O Qe7 14. Nd4 f5 15. b3 Rae8 16. Bb2 a6 17. Qd2 Qf7 18. f4 Ng6 19. Rad1 Kh8 20. Nf3 Bc5 21. Bd4 Qxd5 22. Bc4 Qc6 23. b4 Bxd4 24. Qxd4 Re4 25. Qxd7 Rxc4 26. Ng5 Qxg2# 0-1


[Site "https://www.chess.com"]

[Event "Titled Tuesday Blitz May 10 Early 2022"]
[White "Nakamura, Hikaru"]
[Black "Aslanov, Umid"]
[WhiteFideId "2016192"]
[BlackFideId "13412620"]
[WhiteElo "2850"]
[BlackElo "1796"]
[Result "0-1"]
[Round "09"]
[TimeControl "180+1"]
[Date "2022.05.11"]
[WhiteClock "0:01:35"]
[BlackClock "0:00:11"]

1. Nf3 Nf6 2. b3 b6 3. Bb2 Bb7 4. e3 g6 5. d4 Bg7 6. Be2 O-O 7. O-O Ne4 8. c4 e6 9. Qc2 f5 10. Nc3 d6 11. Rfd1 Nd7 12. b4 Ndf6 13. c5 Nxc3 14. Bxc3 Ne4 15. Bb2 Bd5 16. a3 Qf6 17. cxb6 cxb6 18. Rac1 g5 19. Ne1 g4 20. Bc4 Bxc4 21. Qxc4 d5 22. Qc2 f4 23. exf4 Qxf4 24. Nd3 Qg5 25. Qe2 h5 26. Rc6 Rae8 27. Rc7 a5 28. Bc1 Qf5 29. Be3 axb4 30. axb4 h4 31. Rdc1 h3 32. g3 Ng5 33. Bxg5 Qxg5 34. Ne5 Bxe5 35. dxe5 Rf5 36. Re1 Ref8 37. Qd3 Qh6 38. Rc2 Rf3 39. Qd4 Qg5 40. Qxb6 Qf5 41. Rd2 Rb3 42. f4 gxf3 43. Rf2 Rb1 44. Qe3 Rxe1+ 45. Qxe1 Rc8 46. b5 Qg5 47. Rf1 Rc2 48. Kh1 f2 49. Qb4 Rc1 0-1


[Site "https://www.chess.com"]

[Event "Titled Tuesday Blitz May 10 Early 2022"]
[White "Namitbir Singh Walia"]
[Black "Omelja, Artem"]
[WhiteFideId "35071068"]
[BlackFideId "14119846"]
[WhiteElo "1565"]
[BlackElo "2382"]
[Result "1-0"]
[Round "09"]
[TimeControl "180+1"]
[Date "2022.05.11"]
[WhiteClock "0:00:20"]
[BlackClock "0:00:02"]

1. d4 d5 2. c4 c6 3. g3 dxc4 4. Nf3 Nf6 5. Bg2 b5 6. O-O e6 7. a4 Bb7 8. Ne5 a6 9. Nc3 Qb6 10. Be3 Nd5 11. Ne4 Be7 12. a5 Qc7 13. Bd2 Nd7 14. Nxd7 Qxd7 15. b3 f5 16. Nc3 Nxc3 17. Bxc3 b4 18. Bd2 c3 19. Be3 O-O 20. Qd3 Rfd8 21. Qc4 Rac8 22. Rfd1 Kf7 23. Rd3 Qc7 24. Bf4 Qd7 25. Re3 Bf6 26. Be5 Bxe5 27. Rxe5 Re8 28. Qxb4 Ba8 29. Qxc3 Rcd8 30. e3 Qc7 31. Rc5 Qb8 32. Qc4 Rd6 33. Ra4 Qa7 34. Rb4 Red8 35. Rb6 R8d7 36. Bxc6 Bxc6 37. Rcxc6 Rxc6 38. Qxc6 Re7 39. Rxa6 Qb8 40. Rb6 Qa7 41. a6 Rc7 42. Rb7 Qxb7 43. Qxb7 Rxb7 44. axb7 Kf6 45. b8=Q 1-0


[Site "https://www.chess.com"]

[Event "Titled Tuesday Blitz May 10 Early 2022"]
[White "Navalgund, Niranjan"]
[Black "Morefield, Jason"]
[WhiteFideId "5030854"]
[BlackFideId "30920825"]
[WhiteElo "2290"]
[BlackElo "2171"]
[Result "0-1"]
[Round "09"]
[TimeControl "180+1"]
[Date "2022.05.11"]
[WhiteClock "0:00:09"]
[BlackClock "0:00:40"]

1. e4 d6 2. Nc3 Nf6 3. f4 g6 4. Nf3 Bg7 5. Bc4 Nxe4 6. Nxe4 d5 7. Bb3 dxe4 8. Ng5 O-O 9. Nxe4 Nc6 10. O-O Qd4+ 11. Nf2 Qxf4 12. d3 Qd4 13. Kh1 Bf5 14. Bg5 Qxb2 15. Rb1 Qd4 16. Ne4 Bxe4 17. dxe4 e6 18. Qe2 Qc5 19. Ba4 Qxg5 20. Rxb7 Nd4 21. Qf2 Qa5 22. Bb3 Nxb3 23. Rxb3 Qxa2 24. Rf3 e5 25. h4 a5 26. h5 Qe6 27. Rh3 a4 28. h6 Bh8 29. Ra3 Qd6 30. Qf3 Ra6 31. Rd1 Qf6 32. Qf4 Qxf4 0-1


[Site "https://www.chess.com"]

[Event "Titled Tuesday Blitz May 10 Early 2022"]
[White "Nenezic, Marko"]
[Black "Stoleriu, George"]
[WhiteFideId "912123"]
[BlackFideId "1227505"]
[WhiteElo "2457"]
[BlackElo "2194"]
[Result "1/2-1/2"]
[Round "09"]
[TimeControl "180+1"]
[Date "2022.05.10"]
[WhiteClock "0:00:13"]
[BlackClock "0:00:11"]

1. d4 e6 2. c4 Nf6 3. Nc3 Bb4 4. e3 O-O 5. Ne2 c6 6. a3 Ba5 7. c5 d5 8. cxd6 Qxd6 9. b4 Bc7 10. g3 Rd8 11. Bg2 e5 12. O-O Nbd7 13. Qc2 Nf8 14. h3 Ne6 15. dxe5 Qxe5 16. Bb2 Qh5 17. Rad1 Bd7 18. Nd4 Nxd4 19. Rxd4 Bf5 20. Qd1 Qg6 21. Ne2 Be4 22. Nc3 Bxg2 23. Kxg2 Rxd4 24. Qxd4 Rd8 25. Qc4 Qc2 26. Ba1 h5 27. Qc5 Bb6 28. Qe7 Rd7 29. Qe5 Bc7 30. Qg5 Qg6 31. Qxg6 fxg6 32. Rd1 Rxd1 33. Nxd1 Kf7 34. Kf3 Ke6 35. e4 Nd7 36. Ke2 Be5 37. Bxe5 Nxe5 38. Nb2 g5 39. f4 gxf4 40. gxf4 Nf7 41. Kf3 g6 42. Nd3 b6 43. h4 Kf6 44. Ke3 Ke6 45. Kd4 Kd6 46. f5 gxf5 47. exf5 Nh6 48. f6 Ke6 49. Nf4+ Kxf6 50. Nxh5+ Kf5 51. Ng7+ Kf6 52. Nh5+ Kf5 53. Ng7+ Kf6 54. Ne8+ Ke7 55. Nc7 Nf5+ 56. Ke5 Nxh4 57. b5 cxb5 58. Nxb5 a6 59. Nc7 a5 60. Nd5+ Kd7 61. Nxb6+ Kc6 62. Nc4 Kb5 63. Nxa5 Kxa5 64. a4 Ng2 65. Ke4 Ne1 66. Ke3 Nc2+ 67. Kd2 Nb4 68. Kc3 Nd3 69. Kc4 Nc5 70. Kxc5 Kxa4 1/2-1/2


[Site "https://www.chess.com"]

[Event "Titled Tuesday Blitz May 10 Early 2022"]
[White "Oparin, Grigoriy"]
[Black "Carlsen, Magnus"]
[WhiteFideId "24125890"]
[BlackFideId "1503014"]
[WhiteElo "2665"]
[BlackElo "2832"]
[Result "0-1"]
[Round "09"]
[TimeControl "180+1"]
[Date "2022.05.10"]
[WhiteClock "0:00:03"]
[BlackClock "0:00:03"]

1. d4 b6 2. Nf3 Bb7 3. c4 e6 4. g3 g6 5. Bg2 Bg7 6. O-O Nf6 7. Nc3 Ne4 8. Bd2 O-O 9. Qc2 Nxd2 10. Qxd2 d6 11. e4 Nd7 12. Rad1 c5 13. Qe3 cxd4 14. Nxd4 a6 15. Rd2 Qc7 16. b3 Rac8 17. Rfd1 Qc5 18. Na4 Qc7 19. h4 Rfd8 20. h5 Nf6 21. Bf3 gxh5 22. Ne2 b5 23. cxb5 axb5 24. Nb6 Rb8 25. Rc1 Qe7 26. Rdc2 h4 27. Rc7 Qf8 28. g4 Bh6 29. g5 Qg7 30. Kh1 Bxg5 31. Qd3 Bxc1 32. Rxc1 Kh8 33. Qe3 Rg8 34. Rg1 Qf8 35. Rd1 Qe7 36. Qf4 Nxe4 37. Bxe4 Bxe4+ 38. Qxe4 Qg5 39. Rxd6 h3 40. Rd1 Rxb6 41. Ng3 Qf6 42. Qe3 Rbb8 43. Kh2 Rbd8 44. Rg1 Rd5 45. Qe2 Qf4 0-1


[Site "https://www.chess.com"]

[Event "Titled Tuesday Blitz May 10 Early 2022"]
[White "Petrova, Irina"]
[Black "Toncheva, Nadya"]
[WhiteFideId "14124122"]
[BlackFideId "2924056"]
[WhiteElo "1993"]
[BlackElo "1888"]
[Result "0-1"]
[Round "09"]
[TimeControl "180+1"]
[Date "2022.05.11"]
[WhiteClock "0:00:12"]
[BlackClock "0:00:11"]

1. e4 Nf6 2. e5 Nd5 3. d4 b5 4. Nf3 Bb7 5. c4 bxc4 6. Bxc4 e6 7. Nc3 Nb6 8. Bd3 Be7 9. O-O O-O 10. Be4 Bxe4 11. Nxe4 d5 12. Nc3 c5 13. Be3 N8d7 14. Re1 Nc4 15. b3 Nxe3 16. fxe3 Rc8 17. Rc1 Qa5 18. Na4 Nb6 19. Nxb6 axb6 20. Qe2 b5 21. a4 bxa4 22. Ra1 a3 23. Ra2 c4 24. bxc4 Rxc4 25. Nd2 Rc3 26. Rf1 Bg5 27. Nb1 Rxe3 28. Qg4 Bh6 29. h3 Re1 30. Rxa3 Rxf1+ 31. Kxf1 Qb5+ 32. Kf2 Qxb1 33. Qf3 Rc8 34. Kg3 Qe1+ 35. Kh2 Qb4 36. Rb3 Qxd4 37. Rb7 Qxe5+ 38. g3 Rc2+ 39. Kg1 Qe1+ 40. Qf1 Qxg3+ 0-1


[Site "https://www.chess.com"]

[Event "Titled Tuesday Blitz May 10 Early 2022"]
[White "Piliczewski, Bogusz"]
[Black "Harish, Neeraj"]
[WhiteFideId "1104144"]
[BlackFideId "30958130"]
[WhiteElo "1896"]
[BlackElo "1574"]
[Result "1-0"]
[Round "09"]
[TimeControl "180+1"]
[Date "2022.05.11"]
[WhiteClock "0:00:17"]
[BlackClock "0:00:02"]

1. d4 d5 2. Nf3 Nf6 3. Bf4 c5 4. c3 Nc6 5. e3 Qb6 6. Qb3 c4 7. Qxb6 axb6 8. a3 b5 9. Nbd2 b4 10. cxb4 Nxb4 11. Rc1 Nc6 12. Be2 Bf5 13. O-O e6 14. Ne5 Bd6 15. Nxf7 Bxf4 16. Nxh8 Bd6 17. f3 Ke7 18. g4 Bd3 19. Bxd3 cxd3 20. Ng6+ hxg6 21. Rc3 Rh8 22. Rf2 Rh3 23. Rxd3 Nh7 24. Nf1 Ng5 25. Kg2 Rh8 26. Ng3 Bxg3 27. Kxg3 Rh3+ 28. Kg2 Rh8 29. Rb3 Rb8 30. Rc2 Kd7 31. a4 Kc7 32. Rb5 Rf8 33. f4 Ne4 34. Rb3 g5 35. Kf3 gxf4 36. exf4 g5 37. Kg2 Rxf4 38. h3 Rf7 39. Rf3 Rxf3 40. Kxf3 Kd6 41. Ke3 Nb4 42. Rc1 Nc6 43. Rf1 Ke7 44. Rb1 Nb4 45. Rc1 Nc6 46. b4 Nxb4 47. Rc7+ Kd6 48. Rxb7 Nc2+ 49. Kd3 Ne1+ 50. Ke2 Nc2 51. Rb6+ Kd7 52. Rb2 Nxd4+ 53. Kd3 Nc6 54. Rb7+ Kd6 55. Rh7 Nc5+ 56. Kc2 d4 57. h4 gxh4 58. Rxh4 d3+ 59. Kd1 Kd5 60. g5 1-0


[Site "https://www.chess.com"]

[Event "Titled Tuesday Blitz May 10 Early 2022"]
[White "Pourkashiyan, Atousa"]
[Black "Winkels, Marcel"]
[WhiteFideId "12502014"]
[BlackFideId "1003887"]
[WhiteElo "2247"]
[BlackElo "1900"]
[Result "1-0"]
[Round "09"]
[TimeControl "180+1"]
[Date "2022.05.11"]
[WhiteClock "0:00:15"]
[BlackClock "0:00:09"]

1. e3 d5 2. Nf3 Nf6 3. b3 c6 4. Bb2 Bg4 5. Be2 Bxf3 6. Bxf3 Nbd7 7. c4 e6 8. O-O Bd6 9. d3 Qc7 10. h3 h5 11. Nc3 g5 12. Be2 g4 13. h4 O-O-O 14. Rc1 Rdg8 15. cxd5 exd5 16. Nb5 Qb8 17. Nxd6+ Qxd6 18. e4 d4 19. Rc4 c5 20. Bxd4 Kb8 21. Bb2 Ne5 22. Rc1 Nfd7 23. d4 cxd4 24. Qxd4 Qg6 25. Qe3 f5 26. Rfd1 Rh7 27. Qf4 Qf6 28. Rxd7 Rxd7 29. Bxe5+ 1-0


[Site "https://www.chess.com"]

[Event "Titled Tuesday Blitz May 10 Early 2022"]
[White "Prieto Aranguren, Alain"]
[Black "Gallego Alcaraz, Andres Felipe"]
[WhiteFideId "2268906"]
[BlackFideId "4402669"]
[WhiteElo "2235"]
[BlackElo "2340"]
[Result "0-1"]
[Round "09"]
[TimeControl "180+1"]
[Date "2022.05.11"]
[WhiteClock "0:00:01"]
[BlackClock "0:01:08"]

1. d4 Nf6 2. c4 g6 3. Nc3 d5 4. Nf3 Bg7 5. Qb3 dxc4 6. Qxc4 O-O 7. e4 Bg4 8. Be3 Nfd7 9. Qb3 Nb6 10. Be2 Bxf3 11. gxf3 Bxd4 12. Rd1 c5 13. h4 Nc6 14. h5 e6 15. hxg6 hxg6 16. f4 e5 17. f5 Qf6 18. Kd2 Bxe3+ 19. fxe3 Rad8+ 20. Kc1 Rxd1+ 21. Qxd1 Kg7 22. Nd5 Nxd5 23. exd5 Nb4 24. e4 Qg5+ 25. Kb1 Qe3 26. Bf3 Nd3 27. Rg1 c4 28. d6 Qd4 29. Rg2 Qxd6 30. Qg1 Qb6 31. Qh2 Qe3 32. Qh1 Qe1+ 33. Qxe1 Nxe1 34. Rf2 gxf5 35. exf5 Nxf3 36. Rxf3 Kf6 37. Kc2 Rh8 38. Kc3 Rh4 39. a4 Rf4 40. Rh3 Kxf5 41. Rh8 e4 42. Rb8 e3 43. Rxb7 f6 44. Rxa7 Re4 45. Rh7 Ke6 46. Rh1 f5 47. Re1 f4 48. a5 f3 49. a6 f2 50. Rh1 e2 51. a7 e1=Q+ 0-1


[Site "https://www.chess.com"]

[Event "Titled Tuesday Blitz May 10 Early 2022"]
[White "Qashashvili, Alexandre"]
[Black "Ovezdurdyyeva, Jemal"]
[WhiteFideId "13600842"]
[BlackFideId "14001888"]
[WhiteElo "2316"]
[BlackElo "1946"]
[Result "1-0"]
[Round "09"]
[TimeControl "180+1"]
[Date "2022.05.11"]
[WhiteClock "0:00:40"]
[BlackClock "0:00:13"]

1. e4 d6 2. Nc3 Nf6 3. Nf3 c6 4. d4 b5 5. Be3 b4 6. e5 bxc3 7. exf6 cxb2 8. fxg7 Bxg7 9. Rb1 Qa5+ 10. Bd2 Qxa2 11. Bc3 Bg4 12. Rxb2 Qa3 13. Rb3 Qa4 14. Be2 O-O 15. h3 Be6 16. Rb1 Qa2 17. O-O Qd5 18. Bd3 Nd7 19. Re1 Nf6 20. Qe2 Qh5 21. Rb7 Rfe8 22. Ra1 Nd5 23. Bd2 a5 24. Rxa5 Rxa5 25. Bxa5 Nf4 26. Qd2 Nxh3+ 27. gxh3 Qxf3 28. Qe3 Qxh3 29. Qxh3 Bxh3 30. c3 Bf6 31. Rc7 Ra8 32. Bb4 c5 33. dxc5 dxc5 34. Rxc5 Bg4 35. Be4 Ra1+ 36. Kg2 Re1 37. Bf3 Bf5 38. Rxf5 Bg7 39. Rg5 h6 40. Rg3 Rb1 41. Bxe7 1-0


[Site "https://www.chess.com"]

[Event "Titled Tuesday Blitz May 10 Early 2022"]
[White "Quirke, Jeffrey"]
[Black "Itkis, Boris"]
[WhiteFideId "2013029"]
[BlackFideId "1209167"]
[WhiteElo "2145"]
[BlackElo "2207"]
[Result "0-1"]
[Round "09"]
[TimeControl "180+1"]
[Date "2022.05.11"]
[WhiteClock "0:00:01"]
[BlackClock "0:01:00"]

1. c4 e5 2. g3 Nf6 3. Bg2 d5 4. cxd5 Nxd5 5. Nc3 Nb6 6. e3 Nc6 7. Nge2 Be6 8. O-O Be7 9. f4 O-O 10. fxe5 Nxe5 11. Bxb7 Rb8 12. Bg2 Nd3 13. Nf4 Bc4 14. Nxd3 Bxd3 15. Rf2 Bf6 16. b3 g6 17. Bb2 Bg7 18. Rc1 a5 19. Na4 Nxa4 20. Bxg7 Kxg7 21. bxa4 Rb4 22. Rc3 Qd6 23. Rf4 c5 24. h4 c4 25. Kh2 Qd7 26. Qf3 Qxa4 27. Rc1 Qxa2 28. h5 Qxd2 29. Rd1 Qb2 30. h6+ Kxh6 31. Rd4 Kg7 32. Qf4 Qe2 33. Qe5+ Kg8 0-1


[Site "https://www.chess.com"]

[Event "Titled Tuesday Blitz May 10 Early 2022"]
[White "Raahul V S"]
[Black "Kwon, Sehyun"]
[WhiteFideId "25035525"]
[BlackFideId "13203088"]
[WhiteElo "2185"]
[BlackElo "1778"]
[Result "1-0"]
[Round "09"]
[TimeControl "180+1"]
[Date "2022.05.11"]
[WhiteClock "0:01:37"]
[BlackClock "0:00:01"]

1. Nf3 c5 2. c4 g6 3. Nc3 Bg7 4. d4 cxd4 5. Nxd4 Nc6 6. e3 Nf6 7. Be2 O-O 8. O-O d5 9. cxd5 Nxd5 10. Nxc6 bxc6 11. Na4 Rb8 12. e4 Nb4 13. Bf4 e5 14. Be3 Qa5 15. a3 Na6 16. b4 Qc7 17. Qc2 Rd8 18. Rac1 Qb7 19. Qxc6 Bf8 20. Qxb7 Bxb7 21. b5 Bxa3 22. Ra1 Bf8 23. bxa6 Bxe4 24. Bxa7 Ra8 25. Bb6 Rd6 26. Bc5 Rc6 27. Bxf8 Kxf8 28. Bb5 Rd6 29. Nc5 1-0


[Site "https://www.chess.com"]

[Event "Titled Tuesday Blitz May 10 Early 2022"]
[White "Reprintsev, Alexander"]
[Black "Panesar Vedant"]
[WhiteFideId "14100541"]
[BlackFideId "35033018"]
[WhiteElo "2575"]
[BlackElo "2712"]
[Result "0-1"]
[Round "09"]
[TimeControl "180+1"]
[Date "2022.05.11"]
[WhiteClock "0:00:06"]
[BlackClock "0:00:09"]

1. e4 e5 2. f4 exf4 3. Bc4 d5 4. Bxd5 Nf6 5. Nc3 Bb4 6. Nf3 Bxc3 7. dxc3 c6 8. Bc4 Qxd1+ 9. Kxd1 Nxe4 10. Re1 Bf5 11. Ng5 Bg4+ 12. Be2 Nf2+ 13. Kd2 O-O 14. Bxg4 Nxg4 15. Re7 Na6 16. b4 Rad8+ 17. Ke2 Rfe8 18. Rxe8+ Rxe8+ 19. Kf3 Ne5+ 20. Kxf4 Nc7 21. Kg3 Nd5 22. Ne4 Nc4 23. Nc5 b6 24. Nd3 Nxc3 25. Bf4 Ne2+ 26. Kf3 Nd4+ 27. Kf2 Re2+ 28. Kf1 Rxc2 29. Re1 Ne6 30. Bb8 a6 31. a4 h6 32. Nf4 Nxf4 33. Bxf4 g5 34. Re8+ Kg7 35. Bc7 b5 36. axb5 axb5 37. Rc8 Ne3+ 38. Ke1 Nxg2+ 39. Kd1 Ne3+ 40. Ke1 f6 41. Bb6 Ng2+ 42. Kd1 Rb2 43. Bc5 Nf4 44. h4 gxh4 45. Bd6 Nd5 46. Rxc6 h3 47. Rc5 Ne3+ 48. Kc1 Rg2 49. Rh5 Rc2+ 50. Kb1 Rd2 51. Bc5 Nc4 52. Rxh3 Kg6 53. Rg3+ Kf5 54. Rg8 h5 55. Rb8 h4 56. Kc1 Re2 57. Rxb5 Kg4 58. Rb8 h3 59. Rg8+ Kf3 60. Rh8 Kg2 61. Rg8+ Kf3 62. Rh8 h2 63. Kd1 Nb2+ 64. Kc1 Nd3+ 65. Kd1 Nxc5 66. bxc5 Rb2 67. Kc1 Rf2 68. c6 Rf1+ 69. Kd2 h1=Q 0-1


[Site "https://www.chess.com"]

[Event "Titled Tuesday Blitz May 10 Early 2022"]
[White "Riehle, Marco"]
[Black "Bacrot, Etienne"]
[WhiteFideId "12904392"]
[BlackFideId "605506"]
[WhiteElo "2462"]
[BlackElo "2673"]
[Result "0-1"]
[Round "09"]
[TimeControl "180+1"]
[Date "2022.05.10"]
[WhiteClock "0:00:37"]
[BlackClock "0:00:15"]

1. e4 c5 2. a3 g6 3. h4 h5 4. Nc3 Nc6 5. b4 d6 6. b5 Nd4 7. Nd5 Bg4 8. f3 Bd7 9. c3 Nxb5 10. Rb1 Nc7 11. Rxb7 Nxd5 12. exd5 Nf6 13. c4 Bg7 14. Bd3 Qa5 15. Ne2 Qa6 16. Rb1 Nxd5 17. O-O Nb6 18. Nf4 O-O 19. Qe2 e5 20. Nd5 Nxd5 21. cxd5 Qc8 22. Ba6 Qd8 23. g3 Rb8 24. Bb2 Rb6 25. f4 Qb8 26. fxe5 dxe5 27. d4 cxd4 28. Bd3 e4 29. Bxe4 d3 30. Bxd3 Rxb2 31. Rxb2 Qxb2 32. Qf3 Qd4+ 33. Kh2 Bg4 34. Qe4 Qxe4 35. Bxe4 Be5 36. Bg2 Rc8 37. Re1 Bd6 38. Re3 Rc2 39. Kh1 Kg7 40. a4 a5 41. Rb3 Rd2 42. Rb6 Bxg3 43. Rb1 Rd1+ 44. Rxd1 Bxd1 45. Kg1 Bxa4 46. Kf1 Bd6 47. Ke2 Bd7 48. Kd3 a4 49. Kc3 a3 50. Kb3 f5 51. Bf3 Kf6 52. Be2 Ke5 53. Bd3 Kf4 54. Bc2 Ke5 55. Ka2 Kxd5 56. Kb1 Ke5 57. Ka2 Kd4 58. Kb1 Kc3 59. Kc1 a2 0-1


[Site "https://www.chess.com"]

[Event "Titled Tuesday Blitz May 10 Early 2022"]
[White "Risteski, Emil"]
[Black "Manukian, Artak"]
[WhiteFideId "15005267"]
[BlackFideId "13301373"]
[WhiteElo "2070"]
[BlackElo "2412"]
[Result "1-0"]
[Round "09"]
[TimeControl "180+1"]
[Date "2022.05.11"]
[WhiteClock "0:01:25"]
[BlackClock "0:00:03"]

1. e4 c6 2. d3 d5 3. Nd2 Nf6 4. c3 e5 5. Ngf3 Bg4 6. Be2 Nbd7 7. h3 Bxf3 8. Bxf3 dxe4 9. dxe4 Nc5 10. O-O Be7 11. Qc2 Qd3 12. Qxd3 Nxd3 13. Be2 Nf4 14. Re1 O-O-O 15. Bf1 Nd3 16. Bxd3 Rxd3 17. Nc4 Nd7 18. Kf1 b5 19. Na5 Rd6 20. Be3 Bd8 21. Nb3 Bb6 22. Ke2 Bxe3 23. Kxe3 Nb6 24. Rab1 Rhd8 25. Ke2 Nc4 26. Rec1 a5 27. Rc2 Kb7 28. Ke1 a4 29. Na1 Nd2 30. Rbc1 Nxe4 31. c4 b4 32. b3 a3 33. f3 Nc3 34. Kf2 Rd2+ 35. Kg3 f5 36. Re1 Re8 37. Rxd2 Kc7 38. Nc2 c5 39. Ne3 f4+ 40. Kf2 fxe3+ 41. Rxe3 Kc6 42. Ke1 g5 43. Rc2 e4 44. fxe4 Nxe4 45. Rce2 1-0


[Site "https://www.chess.com"]

[Event "Titled Tuesday Blitz May 10 Early 2022"]
[White "Rodchenkov, Sergey D."]
[Black "Maevsky, Nikolay"]
[WhiteFideId "4168712"]
[BlackFideId "4198220"]
[WhiteElo "2306"]
[BlackElo "2149"]
[Result "1-0"]
[Round "09"]
[TimeControl "180+1"]
[Date "2022.05.11"]
[WhiteClock "0:00:53"]
[BlackClock "0:00:07"]

1. e4 c5 2. Nf3 Nf6 3. Nc3 Nc6 4. d4 d5 5. exd5 Nxd5 6. Bc4 Nxc3 7. bxc3 e6 8. O-O Be7 9. a4 O-O 10. Ba3 cxd4 11. cxd4 b6 12. Bxe7 Qxe7 13. Bd3 Bb7 14. h4 h6 15. c3 Rfd8 16. Bc2 Ba6 17. Re1 Rac8 18. Bb1 Qf6 19. Qc2 g6 20. h5 Nxd4 21. Nxd4 Rxd4 22. hxg6 fxg6 23. cxd4 Rxc2 24. Bxc2 Bc4 25. Rad1 Bd5 26. Be4 Qg5 27. Bxd5 Qxd5 28. Re5 Qc6 29. Rde1 Kf7 30. a5 bxa5 31. Rxa5 Qb6 32. Rae5 a5 33. Ra1 Qxd4 34. Rexa5 Kf6 35. R5a4 Qd5 36. R4a3 g5 37. Rf3+ Kg6 38. Re1 h5 39. Rfe3 Kf6 40. Rf3+ Kg6 41. Rfe3 Kf6 42. g3 h4 43. gxh4 gxh4 44. Re4 Kg5 45. Re5+ Kf4 46. Rxd5 exd5 47. Rd1 Ke4 48. Kh2 Kf3 49. Rxd5 Kxf2 50. Kh3 Kf3 51. Rh5 Ke4 52. Rxh4+ Kf3 53. Rg4 Ke3 54. Kg3 Ke2 55. Rf4 Kd3 56. Kf3 Kd2 57. Re4 Kc3 58. Ke3 Kb3 59. Kd3 Ka3 60. Kc3 Ka2 61. Rb4 Ka1 62. Kc2 Ka2 63. Ra4# 1-0


[Site "https://www.chess.com"]

[Event "Titled Tuesday Blitz May 10 Early 2022"]
[White "Rohith Krishna S"]
[Black "Shimanov, Aleksandr"]
[WhiteFideId "46617051"]
[BlackFideId "4198603"]
[WhiteElo "2117"]
[BlackElo "2605"]
[Result "1/2-1/2"]
[Round "09"]
[TimeControl "180+1"]
[Date "2022.05.10"]
[WhiteClock "0:00:38"]
[BlackClock "0:00:02"]

1. Nf3 d5 2. d4 c6 3. c4 Nf6 4. Nc3 dxc4 5. a4 Bf5 6. e3 e6 7. Bxc4 Bb4 8. O-O Nbd7 9. Re1 O-O 10. Bd2 a5 11. h3 h6 12. e4 Bh7 13. e5 Nd5 14. Nxd5 cxd5 15. Bxb4 axb4 16. Bb5 Nb8 17. Qb3 Qa5 18. Rec1 Na6 19. Ne1 Nc7 20. Bd3 Bxd3 21. Nxd3 Na6 22. Qc2 Qb6 23. Nc5 Rfc8 24. b3 Nxc5 25. dxc5 Qc7 26. Qd2 Qa5 27. Qe3 Rc6 28. f4 Rac8 29. f5 Rxc5 30. fxe6 fxe6 31. Rf1 Rc3 32. Qf4 Qc5+ 33. Kh1 Qe7 34. Qg4 Re3 35. Rf6 h5 36. Qg6 Rxe5 37. Raf1 Rc7 38. R6f4 h4 39. a5 Rd7 40. Rc1 Rd8 41. Rcf1 Rd7 42. Rc1 Qd8 43. Rcf1 Qe7 1/2-1/2


[Site "https://www.chess.com"]

[Event "Titled Tuesday Blitz May 10 Early 2022"]
[White "Sadhwani, Raunak"]
[Black "Shyaamnikhil P"]
[WhiteFideId "35093487"]
[BlackFideId "5024218"]
[WhiteElo "2616"]
[BlackElo "2329"]
[Result "1-0"]
[Round "09"]
[TimeControl "180+1"]
[Date "2022.05.10"]
[WhiteClock "0:00:19"]
[BlackClock "0:00:17"]

1. d4 Nf6 2. Nf3 e6 3. Bf4 c5 4. e3 b6 5. Nbd2 Be7 6. Nc4 O-O 7. c3 Ba6 8. Bd3 d5 9. Nce5 Bxd3 10. Qxd3 Ne4 11. Nd2 Nxd2 12. Qxd2 f6 13. Nf3 Nc6 14. O-O c4 15. Rfe1 f5 16. Qc2 g5 17. Be5 g4 18. Nd2 Bf6 19. Bf4 h5 20. b3 b5 21. a4 a6 22. Ra2 Qd7 23. Rea1 Qb7 24. Qb1 Na5 25. axb5 Nxb3 26. Nxb3 cxb3 27. bxa6 Qb6 28. Ra3 b2 29. R1a2 Be7 30. Rxb2 Qc6 31. Rb6 Qc4 32. Ra2 Kf7 33. g3 Rfc8 34. Rb7 Ke8 35. a7 Qxc3 36. Qb5+ Kf7 37. Bd6 1-0


[Site "https://www.chess.com"]

[Event "Titled Tuesday Blitz May 10 Early 2022"]
[White "Sadykov, Ramil"]
[Black "Barria Zuniga, Daniel"]
[WhiteFideId "24113590"]
[BlackFideId "3400816"]
[WhiteElo "2280"]
[BlackElo "2414"]
[Result "1-0"]
[Round "09"]
[TimeControl "180+1"]
[Date "2022.05.11"]
[WhiteClock "0:00:05"]
[BlackClock "0:00:25"]

1. d4 g6 2. e4 Bg7 3. Nc3 c5 4. d5 d6 5. Bb5+ Bd7 6. a4 Bxb5 7. axb5 Nd7 8. Nf3 Ngf6 9. O-O O-O 10. h3 Nb6 11. Qe2 Ne8 12. Nd2 Nc7 13. Nc4 Qd7 14. Ra5 Bxc3 15. bxc3 Nxc4 16. Qxc4 b6 17. Ra4 Qxb5 18. Qa2 Qe2 19. Be3 a6 20. c4 b5 21. cxb5 axb5 22. Ra7 b4 23. Qa5 Rxa7 24. Qxa7 Rc8 25. Ra1 Qb5 26. Kh2 f6 27. f4 Kf7 28. e5 dxe5 29. fxe5 Nxd5 30. exf6 Nxf6 31. Re1 c4 32. Kh1 Qe5 33. Bd2 Qd6 34. Bf4 Qc5 35. Qb7 Nd5 36. Re5 Rd8 37. Bg5 Kg8 38. Bxe7 Nxe7 39. Rxc5 1-0


[Site "https://www.chess.com"]

[Event "Titled Tuesday Blitz May 10 Early 2022"]
[White "Saldano Dayer, Horacio"]
[Black "Silvestre, Christian"]
[WhiteFideId "103411"]
[BlackFideId "30956269"]
[WhiteElo "2419"]
[BlackElo "2367"]
[Result "1-0"]
[Round "09"]
[TimeControl "180+1"]
[Date "2022.05.11"]
[WhiteClock "0:00:14"]
[BlackClock "0:00:03"]

1. e4 d5 2. exd5 Qxd5 3. Nc3 Qd6 4. d4 Nf6 5. Nf3 a6 6. Ne5 Nc6 7. Nxc6 Qxc6 8. d5 Qb6 9. Bc4 Bg4 10. Qd3 O-O-O 11. O-O e6 12. Be3 Qa5 13. a3 exd5 14. b4 Bxb4 15. axb4 Qxb4 16. Ra4 Qd6 17. Bxa6 bxa6 18. Rxa6 Qb4 19. Rb1 Qc4 20. Qxc4 dxc4 21. f3 Be6 22. Bf4 Nd5 23. Nxd5 Bxd5 24. Ra7 Rd7 25. Rb5 Re8 26. Kf2 Bc6 27. Rc5 Kb8 28. Ra1 Bb7 29. Rb1 Kc8 30. Rcb5 c6 31. Ra5 f6 32. h4 h6 33. Ra8+ Bxa8 34. Rb8# 1-0


[Site "https://www.chess.com"]